BSA
VISTA PANTHERS @ MAUI TROPICS
09/24/2029
 
TOP OF THE 1ST
Vista Panthers batting - Pitching for Maui Tropics : RHP José Ortíz
Pitching: RHP José Ortíz
Batting: RHB Johnny Williams 0-0: Called Strike
0-1: Called Strike
0-2: Foul Ball, location: 2F
0-2: Strikes out swinging
Batting: RHB Stephen Wilson 0-0: Ball
1-0: Ball
2-0: Ball
3-0: Base on Balls
Batting: SHB Juan Castro 0-0: Ground out 4-3 (Groundball, 4S)
Stephen Wilson to second
Batting: RHB Cisco Gatán 0-0: Foul Ball, location: 2F
0-1: Foul Ball, location: 2F
0-2: Ball
1-2: Ball
2-2: Foul Ball, location: 2F
2-2: Foul Ball, location: 2F
2-2: Ball
3-2: Ground out 1-3 (Groundball, 13S)
Top of the 1st over - 0 runs, 0 hits, 0 errors, 1 left on base; Vista 0 - Maui 0
BOTTOM OF THE 1ST
Maui Tropics batting - Pitching for Vista Panthers : LHP José Hidalgo
Pitching: LHP José Hidalgo
Batting: RHB Roberto Gómez 0-0: Ball
1-0: Called Strike
1-1: Called Strike
1-2: Foul Ball, location: 2F
1-2: Strikes out swinging
Batting: RHB Matt Silver 0-0: DOUBLE (Flyball, 78XD)
Batting: RHB Bo Vickers 0-0: Called Strike
0-1: Ball
1-1: Ball
2-1: Ball
3-1: Called Strike
3-2: Base on Balls
Batting: RHB Jesús Espinoza 0-0: Ball
1-0: Swinging Strike
1-1: Called Strike
1-2: Ball
2-2: Ball
3-2: Fly out, F4 (Line Drive, 4M)
Batting: LHB Luis Antonio Torres 0-0: Ball
1-0: Ball
2-0: Ball
3-0: Base on Balls
Matt Silver to third
Bo Vickers to second
Batting: RHB Michael Woodruff 0-0: Ball
1-0: Ball
2-0: SINGLE (Groundball, 6MD)
Matt Silver scores
Bo Vickers to third
Luis Antonio Torres to second
Runner from 3rd tries for Home, SAFE, no throw
Batting: RHB John Brown 0-0: Ball
1-0: Ball
2-0: Swinging Strike
2-1: Called Strike
2-2: Strikes out swinging
Bottom of the 1st over - 2 runs, 2 hits, 0 errors, 2 left on base; Vista 0 - Maui 2
TOP OF THE 2ND
Vista Panthers batting - Pitching for Maui Tropics : RHP José Ortíz
Batting: RHB Jake Reeves 0-0: Foul Ball, location: 2F
0-1: Ball
1-1: Ball
2-1: Called Strike
2-2: Foul Ball, location: 2F
2-2: Ball
3-2: Strikes out swinging
Batting: LHB Noriaki Sangi 0-0: Ball
1-0: Ball
2-0: Foul Ball, location: 2F
2-1: Fly out, F9 (Line Drive, 9)
Batting: RHB Carlos García 0-0: Swinging Strike
0-1: Ball
1-1: Ball
2-1: Foul Ball, location: 2F
2-2: Ball
3-2: Base on Balls
Batting: RHB Phil Matthews 0-0: Ball
1-0: Called Strike
1-1: Ball
2-1: Swinging Strike
2-2: Strikes out swinging
Top of the 2nd over - 0 runs, 0 hits, 0 errors, 1 left on base; Vista 0 - Maui 2
BOTTOM OF THE 2ND
Maui Tropics batting - Pitching for Vista Panthers : LHP José Hidalgo
Batting: LHB Dave Cook 0-0: Ball
1-0: Ball
2-0: Foul Ball, location: 2F
2-1: Fly out, F7 (Line Drive, 7)
Batting: LHB Mark Everett 0-0: Ball
1-0: Called Strike
1-1: Ball
2-1: Ball
3-1: Swinging Strike
3-2: Foul Ball, location: 2F
3-2: Ground out U3 (Groundball, 23)
Batting: RHB Roberto Gómez 0-0: Ball
1-0: Ball
2-0: Ball
3-0: Called Strike
3-1: Base on Balls
Batting: RHB Matt Silver 0-0: Ball
1-0: Ball
2-0: Ball
3-0: Called Strike
3-1: Called Strike
3-2: Fly out, F8 (Flyball, 78M)
Bottom of the 2nd over - 0 runs, 0 hits, 0 errors, 1 left on base; Vista 0 - Maui 2
TOP OF THE 3RD
Vista Panthers batting - Pitching for Maui Tropics : RHP José Ortíz
Batting: LHB Ramiro Martínez 0-0: Ground out 5-3 (Groundball, 56S)
Batting: RHB Johnny Williams 0-0: Swinging Strike
0-1: Foul Ball, location: 2F
0-2: Foul Ball, location: 2F
0-2: Ball
1-2: Ball
2-2: Fly out, F8 (Line Drive, 89D)
Batting: RHB Stephen Wilson 0-0: Ball
1-0: Ball
2-0: SINGLE (Flyball, 7S)
Batting: SHB Juan Castro 0-0: Foul Ball, location: 2F
0-1: Foul Ball, location: 2F
0-2: Ball
1-2: Ball
2-2: Ball
3-2: Foul Ball, location: 2F
3-2: Foul Ball, location: 2F
3-2: Base on Balls
Stephen Wilson to second
Batting: RHB Cisco Gatán 0-0: Called Strike
0-1: Ground out 4-3 (Groundball, 34)
Top of the 3rd over - 0 runs, 1 hit, 0 errors, 2 left on base; Vista 0 - Maui 2
BOTTOM OF THE 3RD
Maui Tropics batting - Pitching for Vista Panthers : LHP José Hidalgo
Batting: RHB Bo Vickers 0-0: Called Strike
0-1: Ball
1-1: Ball
2-1: Called Strike
2-2: Strikes out looking
Batting: RHB Jesús Espinoza 0-0: Called Strike
0-1: Called Strike
0-2: Strikes out swinging
Batting: LHB Luis Antonio Torres 0-0: DOUBLE (Groundball, 5L)
Batting: RHB Michael Woodruff 0-0: Called Strike
0-1: Ball
1-1: Ball
2-1: Ball
3-1: Swinging Strike
3-2: Strikes out looking
Bottom of the 3rd over - 0 runs, 1 hit, 0 errors, 1 left on base; Vista 0 - Maui 2
TOP OF THE 4TH
Vista Panthers batting - Pitching for Maui Tropics : RHP José Ortíz
Batting: RHB Jake Reeves 0-0: Swinging Strike
0-1: Called Strike
0-2: Strikes out looking
Batting: LHB Noriaki Sangi 0-0: Ball
1-0: Ball
2-0: Called Strike
2-1: Foul Ball, location: 2F
2-2: Ground out U3 (Groundball, 3)
Batting: RHB Carlos García 0-0: Ball
1-0: Ball
2-0: Foul Ball, location: 2F
2-1: Called Strike
2-2: Ground out 6-3 (Groundball, 6)
Top of the 4th over - 0 runs, 0 hits, 0 errors, 0 left on base; Vista 0 - Maui 2
BOTTOM OF THE 4TH
Maui Tropics batting - Pitching for Vista Panthers : LHP José Hidalgo
Batting: RHB John Brown 0-0: Ball
1-0: Called Strike
1-1: Foul Ball, location: 2F
1-2: Ball
2-2: DOUBLE (Line Drive, 89D)
Batting: LHB Dave Cook 0-0: Swinging Strike
0-1: Ball
1-1: Called Strike
1-2: Ball
2-2: Strikes out swinging
Batting: LHB Mark Everett 0-0: Fly out, F8 (Line Drive, 8LS)
Batting: RHB Roberto Gómez 0-0: Ball
1-0: Called Strike
1-1: Ground out 6-3 (Groundball, 6)
Bottom of the 4th over - 0 runs, 1 hit, 0 errors, 1 left on base; Vista 0 - Maui 2
TOP OF THE 5TH
Vista Panthers batting - Pitching for Maui Tropics : RHP José Ortíz
Batting: RHB Phil Matthews 0-0: Ball
1-0: SINGLE (Line Drive, 8LM)
Batting: LHB Ramiro Martínez 0-0: Called Strike
0-1: Ball
1-1: Ball
2-1: Swinging Strike
2-2: Strikes out swinging
Batting: RHB Johnny Williams 0-0: Ground out 4-3 (Groundball, 4S)
Phil Matthews to second
Batting: RHB Stephen Wilson 0-0: Foul Ball, location: 2F
0-1: Called Strike
0-2: Ball
1-2: Fly out, F7 (Line Drive, 7S)
Top of the 5th over - 0 runs, 1 hit, 0 errors, 1 left on base; Vista 0 - Maui 2
BOTTOM OF THE 5TH
Maui Tropics batting - Pitching for Vista Panthers : LHP José Hidalgo
Pitching: RHP Carlos Trujillo
Batting: RHB Matt Silver 0-0: Ground out 3-1 (Groundball, 34)
Batting: RHB Bo Vickers 0-0: Ball
1-0: Called Strike
1-1: Foul Ball, location: 2F
1-2: Strikes out looking
Batting: RHB Jesús Espinoza 0-0: Foul Ball, location: 2F
0-1: Ball
1-1: Swinging Strike
1-2: Foul Ball, location: 2F
1-2: Strikes out swinging
Bottom of the 5th over - 0 runs, 0 hits, 0 errors, 0 left on base; Vista 0 - Maui 2
TOP OF THE 6TH
Vista Panthers batting - Pitching for Maui Tropics : RHP José Ortíz
Batting: SHB Juan Castro 0-0: Called Strike
0-1: DOUBLE (Line Drive, 78XD)
Batting: RHB Cisco Gatán Balk!
Juan Castro to third
0-0: Foul Ball, location: 2F
0-1: Ground out 4-3 (Groundball, 4)
Juan Castro scores
Batting: RHB Jake Reeves 0-0: Ball
1-0: Swinging Strike
1-1: Called Strike
1-2: Ball
2-2: Ball
3-2: Base on Balls
Batting: LHB Noriaki Sangi 0-0: Ball
1-0: Ball
2-0: Ball
3-0: Called Strike
3-1: Swinging Strike
3-2: Fly out, F4 (Line Drive, 4)
Lined into DP, 4-3 (Line Drive, 4)
Top of the 6th over - 1 run, 1 hit, 0 errors, 0 left on base; Vista 1 - Maui 2
BOTTOM OF THE 6TH
Maui Tropics batting - Pitching for Vista Panthers : RHP Carlos Trujillo
Batting: LHB Luis Antonio Torres 0-0: Foul Ball, location: 2F
0-1: Ball
1-1: SINGLE (Line Drive, 78S)
Batting: RHB Michael Woodruff 0-0: Ball
Wild Pitch!
Luis Antonio Torres to second
1-0: Intentional Walk
Batting: RHB John Brown 0-0: Ball
1-0: Swinging Strike
1-1: Ball
2-1: Swinging Strike
2-2: Ball
3-2: Base on Balls
Luis Antonio Torres to third
Michael Woodruff to second
Batting: LHB Dave Cook 0-0: Ball
1-0: Called Strike
1-1: GRAND SLAM HOME RUN (Flyball, 9LD), Distance : 359 ft
Pitching: RHP Jesse Green
Batting: LHB Mark Everett 0-0: Ground out 5-3 (Groundball, 5)
Batting: RHB Roberto Gómez 0-0: Ball
1-0: Called Strike
1-1: Foul Ball, location: 2F
1-2: Hit by Pitch
Batting: RHB Matt Silver 0-0: SINGLE (Line Drive, 6MD)
Roberto Gómez to second
Batting: RHB Bo Vickers 0-0: Ball
1-0: Grounds into double play, 5-4-3 (Groundball, 56)
Bottom of the 6th over - 4 runs, 3 hits, 0 errors, 1 left on base; Vista 1 - Maui 6
TOP OF THE 7TH
Vista Panthers batting - Pitching for Maui Tropics : RHP José Ortíz
Pitching: RHP Denny Green
Batting: RHB Carlos García 0-0: Ball
1-0: Foul Ball, location: 2F
1-1: Foul Ball, location: 2F
1-2: Ground out 5-3 (Groundball, 25)
Batting: RHB Phil Matthews 0-0: Ball
1-0: Foul Ball, location: 2F
1-1: Foul Ball, location: 2F
1-2: Ball
2-2: Ground out 1-3 (Groundball, 13S)
Batting: LHB Ramiro Martínez 0-0: Ground out 5-3 (Groundball, 5)
Top of the 7th over - 0 runs, 0 hits, 0 errors, 0 left on base; Vista 1 - Maui 6
BOTTOM OF THE 7TH
Maui Tropics batting - Pitching for Vista Panthers : RHP Jesse Green
Batting: RHB Jesús Espinoza 0-0: Ball
1-0: Called Strike
1-1: Ground out U3 (Groundball, 3S)
Batting: LHB Luis Antonio Torres 0-0: Ball
1-0: Called Strike
1-1: SOLO HOME RUN (Flyball, 9LD), Distance : 335 ft
Batting: RHB Michael Woodruff 0-0: Ball
1-0: Ball
2-0: Foul Ball, location: 2F
2-1: Ground out 4-3 (Groundball, 4)
Batting: RHB John Brown 0-0: Ball
1-0: Ball
2-0: Ball
3-0: Called Strike
3-1: Fly out, F6 (Flyball, 6MD)
Bottom of the 7th over - 1 run, 1 hit, 0 errors, 0 left on base; Vista 1 - Maui 7
TOP OF THE 8TH
Vista Panthers batting - Pitching for Maui Tropics : RHP Denny Green
Batting: RHB Johnny Williams 0-0: Ball
1-0: Ball
2-0: Foul Ball, location: 2F
2-1: Fly out, F7 (Flyball, 7D)
Batting: RHB Stephen Wilson 0-0: Foul Ball, location: 2F
0-1: Ball
1-1: Swinging Strike
1-2: Ball
2-2: Strikes out swinging
Batting: SHB Juan Castro 0-0: Ball
1-0: Swinging Strike
1-1: DOUBLE (Flyball, 8RXD)
Batting: RHB Cisco Gatán 0-0: Ball
1-0: Foul Ball, location: 2F
1-1: Foul Ball, location: 2F
1-2: Strikes out swinging
Top of the 8th over - 0 runs, 1 hit, 0 errors, 1 left on base; Vista 1 - Maui 7
BOTTOM OF THE 8TH
Maui Tropics batting - Pitching for Vista Panthers : RHP Jesse Green
Batting: LHB Dave Cook 0-0: Ball
1-0: Ball
2-0: Foul Ball, location: 2F
2-1: Foul Ball, location: 2F
2-2: Ball
3-2: Fly out, F8 (Flyball, 8LM)
Batting: LHB Mark Everett 0-0: Fly out, F9 (Flyball, 9D)
Batting: RHB Roberto Gómez 0-0: Called Strike
0-1: DOUBLE (Flyball, 89XD)
Batting: RHB Matt Silver 0-0: Called Strike
0-1: Ball
1-1: Fly out, F7 (Flyball, 7S)
Bottom of the 8th over - 0 runs, 1 hit, 0 errors, 1 left on base; Vista 1 - Maui 7
TOP OF THE 9TH
Vista Panthers batting - Pitching for Maui Tropics : RHP Denny Green
Batting: RHB Jake Reeves 0-0: Fly out, F5 (Popup, 5F)
Batting: LHB Noriaki Sangi 0-0: Foul Ball, location: 2F
0-1: Foul Ball, location: 2F
0-2: Ball
1-2: Foul Ball, location: 2F
1-2: Foul Ball, location: 2F
1-2: Ball
2-2: Foul Ball, location: 2F
2-2: Ball
3-2: Foul Ball, location: 2F
3-2: DOUBLE (Line Drive, 89D)
Batting: RHB Carlos García 0-0: Swinging Strike
0-1: Swinging Strike
0-2: Foul Ball, location: 2F
0-2: Strikes out swinging wild pitch, reaches first!
Noriaki Sangi to third
Batting: RHB Phil Matthews 0-0: Ball
1-0: Ball
2-0: Swinging Strike
2-1: Called Strike
2-2: Ball
3-2: Foul Ball, location: 2F
3-2: TRIPLE (Line Drive, 78XD)
Noriaki Sangi scores
Carlos García scores
Pitching: RHP César Rúbio
Batting: LHB Ramiro Martínez 0-0: Called Strike
0-1: Called Strike
0-2: Reached on error, E5 (Groundball, 56)
Phil Matthews scores
Pitching: LHP Kent Robinson
Batting: RHB Johnny Williams 0-0: Called Strike
0-1: Ball
1-1: Swinging Strike
1-2: Ball
2-2: Foul Ball, location: 2F
2-2: Ball
3-2: Strikes out looking
Batting: RHB Stephen Wilson 0-0: Called Strike
0-1: Ball
1-1: Ground out 6-3 (Groundball, 6)
Top of the 9th over - 3 runs, 2 hits, 1 error, 1 left on base; Vista 4 - Maui 7
Saturday, December 16th, 2017 - OOTP Baseball 18.8 Build 76